 Dungeon Crawl Stone Soup version 0.29.1-13-g9f3cf754e1 (webtiles) character file.

Game seed: 12207077446146976113

22 LynnLen the Sneak (level 2, -1/13 HPs)
             Began as a Spriggan Enchanter on Jan 29, 2023.
             Slain by a hobgoblin (3 damage)
             ... on level 1 of the Dungeon.
             The game lasted 00:03:03 (729 turns).

LynnLen the Sneak (Spriggan Enchanter)               Turns: 729, Time: 00:03:03

Health: -1/13      AC:  2    Str:  4    XL:     2   Next: 68%
Magic:  7/7        EV: 17    Int: 16    God:
Gold:   45         SH:  0    Dex: 15    Spells: 7/7 levels left

rFire   . . .      SeeInvis +   a - +1 dagger
rCold   . . .      Faith    .   (no shield)
rNeg    . . .      Spirit   .   b - +0 robe
rPois   .          Reflect  .   (helmet restricted)
rElec   .          Harm     .   (no cloak)
rCorr   .          Rampage  .   (gloves unavailable)
Will    .....                   (boots unavailable)
Stlth   +++.......              (no amulet)
HPRegen 0.04/turn               (no ring)
MPRegen 0.10/turn               (no ring)

@: very quick
A: very small, no large weapons, unfitting armour, see invisible, speed 3
a: no special abilities


You were on level 1 of the Dungeon.
You visited 1 branch of the dungeon, and saw 1 of its levels.

You collected 45 gold pieces.

Inventory:

Hand Weapons
 a - a +1 dagger (weapon)
 d - a +0 sling
Missiles
 h - 6 poisoned darts (quivered)
Armour
 b - a +0 robe (worn)
Scrolls
 g - a scroll of identify {unknown}
Potions
 c - 2 potions of invisibility
 e - 2 potions of heal wounds {unknown}
 f - a potion of mutation {unknown}


   Skills:
 + Level 1.6 Short Blades
 - Level 3.0 Dodging
 + Level 4.8 Stealth
 + Level 3.0 Spellcasting
 + Level 3.9 Hexes


You had 7 spell levels left.
You didn't know any spells.
Your spell library contained the following spells:

 Spells                   Type           Power      Damage    Failure   Level
 Confusing Touch          Hex            15%        N/A       11%         3
 Tukima's Dance           Hex            15%        N/A       11%         3
 Ensorcelled Hibernation  Hex/Ice        16%        N/A       12%         2
 Dazzling Flash           Conj/Hex       16%        N/A       24%         3


Dungeon Overview and Level Annotations

Branches:
Dungeon (1/15)

Altars:

Shops:
D:1 =


Innate Abilities, Weirdness & Mutations

You are very small and have problems with some larger weapons.
You are too small for most types of armour.
You have supernaturally acute eyesight. (SInv)
You cover ground extremely quickly. (Speed+++)


Message History

You start resting.
HP restored.
You see here a +0 dagger.
You now have 41 gold pieces (gained 4).
You now have 45 gold pieces (gained 4).
A kobold comes into view. It is wielding a +0 club.
Found 2 stones.
The kobold shouts!
Found a cyan potion.
You barely miss the kobold. The kobold closely misses you.
A hobgoblin comes into view.
The hobgoblin shouts!
You hit the kobold but do no damage. The kobold hits you with a +0 club.
You closely miss the kobold. The kobold barely misses you.
You hit the kobold but do no damage. The kobold hits you with a +0 club.
You hit the kobold.
The kobold is severely wounded.
The kobold closely misses you.
You closely miss the kobold.
The kobold is severely wounded.
The kobold hits you with a +0 club.
You hit the kobold but do no damage.
The kobold is severely wounded.
The kobold completely misses you. The hobgoblin closely misses you.
You barely miss the kobold.
The kobold is severely wounded.
The kobold closely misses you. The hobgoblin barely misses you.
You barely miss the kobold.
The kobold is severely wounded.
The kobold hits you with a +0 club. The hobgoblin misses you.
You hit the kobold.
You kill the kobold!
The hobgoblin closely misses you.
You hit the hobgoblin but do no damage. The hobgoblin barely misses you.
You barely miss the hobgoblin. The hobgoblin closely misses you.
You barely miss the hobgoblin. The hobgoblin hits you.
* * * LOW HITPOINT WARNING * * *
You hit the hobgoblin but do no damage. The hobgoblin barely misses you.
You hit the hobgoblin but do no damage. The hobgoblin hits you.
You die...

#..#.............)..
##....#..........#..#
#....##..........##..
#....................
#........♣♣♣♣♣♣......
#.......♣♣ ♣♣.....
#.......♣ ♣.....
###.....♣ ♣....#
♣#@...♣ #.)g..♣
#......♣ #.......♣
#....(....
##!.##..... ##..
..... ##. .....


You could see a hobgoblin.

Vanquished Creatures
  2 dart slugs (D:1)
  An endoplasm (D:1)
  A giant cockroach (D:1)
  A goblin (D:1)
  2 hobgoblins (D:1)
  2 ball pythons (D:1)
  3 bats (D:1)
  4 kobolds (D:1)
  A rat (D:1)
17 creatures vanquished.

Vanquished Creatures (others)
  A plant (D:1)
1 creature vanquished.

Grand Total: 18 creatures vanquished

Notes
Turn   | Place    | Note
-------+----------+-------------------------------------------
     0 | D:1      | LynnLen the Spriggan Enchanter began the quest for the Orb.
     0 | D:1      | Reached XP level 1. HP: 9/9 MP: 5/5
   235 | D:1      | Found Ananwiat's Jewellery Shoppe.
   242 | D:1      | Reached XP level 2. HP: 9/13 MP: 6/6
   729 | D:1      | Slain by a hobgoblin

Illustrated notes

Levels and vault maps discovered:
D:1:      dpeg_arrival_tiny_j, layout_rooms, serial_shops, shop, serial_forest,
          infiniplex_forest_end_2, infiniplex_forest_clump_small,
          infiniplex_forest_clump_medium, infiniplex_forest_lined_ring,
          infiniplex_forest_side_room, infiniplex_forest_lined_ring,
          infiniplex_forest_clump_tiny, kennysheep_decorative_pillar

Skill      XL: |  1  2 |
---------------+-------+-----
Dodging        | 3 |  3.0
Spellcasting   | 3 |  3.0
Short Blades   | |  1.6
Stealth        | |  4.8
Hexes          | |  3.9

Action                   || total
-------------------------++-------
Melee: Dagger            ||    79
       Punch             ||     1
 Stab: Sleeping          ||     3
Armor: Robe              ||     8
Dodge: Dodged            ||    56
